 Dungeon Crawl Stone Soup version 0.17.1-3-g152610e (webtiles) character file.

152 Locuples the Sneak (level 5, -1/38 HPs)
             Began as a Merfolk Assassin on Apr 19, 2016.
             Slain by an orc
             ... wielding a +0 mace
              (2 damage)
             ... on level 5 of the Dungeon.
             The game lasted 00:09:16 (2984 turns).

Locuples the Sneak (Merfolk Assassin)               Turns: 2984, Time: 00:09:16

Health: -1/38      AC:  4    Str: 11    XL:     5   Next: 34%
Magic:  5/5        EV: 12    Int: 11    God:
Gold:   119        SH:  0    Dex: 16    Spells: 0 memorised, 4 levels left

rFire  . . .     SeeInvis .     B - +0 rapier
rCold  . . .     Clarity  .     c - +0 robe
rNeg   . . .     SustAt   .     (no shield)
rPois  .         Gourm    .     (no helmet)
rElec  .         Spirit   .     t - +1 cloak
rCorr  .         Warding  .     (no gloves)
rMut   .         Stasis   .     (no boots)
MR     .....                    (no amulet)
Stlth  ++++......               (no ring)
                                (no ring)

@: not resistant to hostile enchantments, stealthy
A: change form in water, swift swim
a: no special abilities


You were on level 5 of the Dungeon.
You were not hungry.

You visited 1 branch of the dungeon, and saw 5 of its levels.

You collected 119 gold pieces.

Inventory:

Hand Weapons
 b - a +0 blowgun
 B - a +0 rapier (weapon)
Missiles
 e - 8 poisoned needles
 f - 2 curare-tipped needles
Armour
 c - a +0 robe (worn)
 t - a +1 cloak (worn)
Scrolls
 d - a scroll of fog {unknown}
 h - 2 scrolls of identify {unknown}
 i - 2 scrolls of amnesia {unknown}
 k - 5 scrolls of remove curse {unknown}
 m - a scroll of teleportation {unknown}
 p - a scroll of fear {unknown}
 v - 2 scrolls of noise {unknown}
 w - a scroll of immolation {unknown}
 x - a scroll of enchant armour {unknown}
 y - a scroll of blinking {unknown}
Potions
 l - a potion of resistance {unknown}
 n - a potion of mutation {unknown}
 o - 2 potions of lignification {unknown}
 q - a potion of degeneration {unknown}
 s - a potion of curing {unknown}
 u - 2 potions of poison {unknown}
 z - a potion of heal wounds {unknown}
 C - a potion of might {unknown}
Books
 A - a book of Dreams

   Spells                             Type                      Level
   a - Ensorcelled Hibernation        Hexes/Ice                    2
   b - Phase Shift                    Translocation                5
   c - Shadow Creatures               Summoning                    5
   d - Silence                        Hexes/Air                    5
   e - Darkness                       Hexes                        6
   f - Mass Confusion                 Hexes                        6
Comestibles
 a - a chunk of flesh
 g - 2 bread rations
 j - a slice of pizza
 r - a beef jerky


   Skills:
 - Level 2.1 Fighting
 + Level 2.5 Short Blades
 - Level 2.0 Throwing
 - Level 1.3 Dodging
 * Level 7.4 Stealth


You had 4 spell levels left.
You didn't know any spells.

Dungeon Overview and Level Annotations

Branches:
Dungeon (5/15)
 Temple: D:4-7

Altars:
Elyvilon
Kikubaaqudgha
Makhleb
Vehumet
The Shining One


Message History

The orc hits you but does no damage. The orc priest closely misses you.
You closely miss the orc. The orc completely misses you.
The orc hits you with a dagger. The orc priest barely misses you.
You hit the orc but do no damage. The orc hits you but does no damage.
The orc hits you with a dagger.
The orc priest hits you but does no damage.
You hit the orc.
The orc is severely wounded.
The orc barely misses you. The orc hits you with a dagger.
The orc priest barely misses you.
You closely miss the orc.
The orc is severely wounded.
The orc hits you with a mace. The orc closely misses you.
The orc priest invokes the aid of Beogh against you.
Pain shoots through your body!
* * * LOW HITPOINT WARNING * * *
You hit the orc.
The orc is severely wounded.
The orc hits you with a mace.
You die...

.......# #..#.......#######
.......# #..#...........#
######## #..............#
#############..............#
.........................>##
...............#.......#..#
.......#######.#.##....#..#
.......# #.#oo.....#..#
.......# #.#@o.#...#..#
....#### #.#...#...#..#
...)# ....#.##### ....#
......... ....# #..........
....# #.....##.### #####
#...... .[ #.....# .#


You could see an orc priest and 2 orcs.

Vanquished Creatures
  A worker ant (D:5)
  6 adders
  An ooze (D:1)
  2 worms (D:2)
  2 giant geckos
  An orc (D:3)
  3 ball pythons
  3 bats
  4 hobgoblins
  2 jackals (D:2)
  9 kobolds
  2 quokkas
  4 giant cockroaches
  A giant newt (D:2)
  8 goblins
  11 rats
60 creatures vanquished.

Notes
Turn   | Place    | Note
--------------------------------------------------------------
     0 | D:1      | Locuples the Merfolk Assassin began the quest for the Orb.
     0 | D:1      | Reached XP level 1. HP: 16/16 MP: 1/1
   162 | D:1      | Reached XP level 2. HP: 16/22 MP: 2/2
   183 | D:1      | Reached skill level 5 in Stealth
   651 | D:1      | Reached XP level 3. HP: 25/27 MP: 3/3
   999 | D:2      | Found a glowing golden altar of the Shining One.
  1111 | D:2      | Reached skill level 6 in Stealth
  1553 | D:2      | Found a burning altar of Makhleb.
  1574 | D:2      | Reached XP level 4. HP: 18/33 MP: 4/4
  1736 | D:2      | Found a radiant altar of Vehumet.
  2104 | D:2      | Found an ancient bone altar of Kikubaaqudgha.
  2644 | D:3      | You fall through a shaft for 2 floors!
  2644 | D:5      | Entered Level 5 of the Dungeon
  2752 | D:5      | Found a white marble altar of Elyvilon.
  2820 | D:5      | Reached skill level 7 in Stealth
  2874 | D:5      | Reached XP level 5. HP: 38/38 MP: 5/5
  2983 | D:5      | HP: 1/38 [orc priest/nerve-wracking pain (12)]
  2984 | D:5      | Slain by an orc

Action                   |  1- 3 |  4- 6 || total
-------------------------+-------+-------++-------
Melee: Dagger            |   145 |    55 ||   200
       Rapier            |       |    30 ||    30
 Stab: Sleeping          |     7 |     7 ||    14
  Eat: Chunk             |     2 |     5 ||     7
